 Dungeon Crawl Stone Soup version 0.31-a0-825-gf28bc0971e (webtiles) character file.

Game seed: 15122850644646611210

615 qw the Shooter (level 7, -3/44 HPs)
             Began as a Gargoyle Hunter on Sept 23, 2023.
             Slain by a mummy (15 damage)
             ... in an ossuary.
             The game lasted 00:01:28 (3036 turns).

qw the Shooter (Gargoyle Hunter)                    Turns: 3036, Time: 00:01:28

Health: -3/44      AC: 10    Str: 14    XL:     7   Next: 45%
Magic:  7/7        EV: 10    Int: 10    God:
Gold:   184        SH:  0    Dex: 15    Spells: 6/6 levels left

rFire   . . .        Y - +1 shortbow
rCold   . . .        (shield currently unavailable)
rNeg    + . .        f - +0 ring mail
rPois   inf          (no helmet)
rElec   +            (no cloak)
rCorr   .            (no gloves)
SInv    .            (no boots)
Will    .....        (no amulet)
Stlth   +            (no ring)
HPRegen 0.27/turn    (no ring)
MPRegen 0.10/turn

%: no passive effects
@: no status effects
A: sickness immunity, AC +4, negative energy resistance 1, electricity
resistance, torment resistance 1, petrification resistance
a: no special abilities


You were in an ossuary.
You visited 1 branch of the dungeon, and saw 4 of its levels.
You also visited: Ossuary.

You collected 184 gold pieces.


Innate Abilities, Weirdness & Mutations

You are immune to sickness and miasma.
Your stone body is resilient. (AC +4)
You are immune to poison.
You resist negative energy. (rN+)
You are resistant to electric shocks. (rElec)
You are resistant to unholy torment.
You are immune to petrification.


   Skills:
 - Level 4.5 Fighting
 + Level 7.8 Ranged Weapons
 - Level 1.1 Armour
 - Level 1.5 Dodging
 - Level 1.1 Stealth


You had 6 spell levels left.
You didn't know any spells.
Your spell library was empty.

Inventory:

Hand Weapons
 Y - a +1 shortbow (weapon)
Armour
 f - a +0 ring mail (worn)
Scrolls
 e - a scroll of identify
 k - a scroll of amnesia {unknown}
Potions
 a - a potion of curing {unknown}
 b - a potion of brilliance {unknown}
 d - 2 potions of heal wounds {unknown}
 g - a potion of berserk rage {unknown}
 i - a potion of mutation {unknown}
 j - a potion of haste {unknown}

Dungeon Overview and Level Annotations

Branches:
Dungeon (4/15)            Ossuary (1/1)
 Temple: D:4-7

Altars:
Elyvilon
Uskayaw
Zin

Shops:
D:1 *


Message History

The human zombie is moderately damaged.
The human zombie hits you.
The kobold zombie hits you but does no damage.
You shoot an arrow. The arrow hits the human zombie!
The human zombie is heavily damaged.
The human zombie hits you.
The kobold zombie hits you but does no damage.
You shoot an arrow. The arrow hits the human zombie.
The human zombie is severely damaged.
The human zombie hits you.
3030 ||| READING scroll of teleportation.
As you read the scroll of teleportation, it crumbles to dust.
You feel strangely unstable.
The kobold zombie hits you but does no damage.
The human zombie barely misses you.
You shoot an arrow. The arrow hits the human zombie.
The human zombie is severely damaged.
The kobold zombie hits you but does no damage.
The human zombie misses you.
You shoot an arrow.
The arrow closely misses the human zombie.
The arrow hits the human zombie.
The human zombie is moderately damaged.
The kobold zombie barely misses you.
You shoot an arrow.
The arrow barely misses the human zombie.
The arrow hits the human zombie!
The human zombie is heavily damaged.
The human zombie hits you but does no damage.
The kobold zombie barely misses you.
You shoot an arrow. The arrow hits the human zombie.
The human zombie is severely damaged.
Your surroundings suddenly seem different.
You shoot an arrow. The arrow hits the mummy.
The mummy is lightly damaged.
You shoot an arrow.
The arrow hits the mummy but does no damage.
The mummy is lightly damaged.
The mummy hits you!
You die...

....Z.#..Z#.....8....
8...8 ##'##..........
.... #...#..........
..8 #...###8.....8#
.. #...#.......... +
######'##..........
#.?.#...#.....8....
+.M.#...'.....#....
#.@?#...#.....#....
###################


You could see a mummy.

Vanquished Creatures
  5 scorpions (Ossuary)
  2 centaur zombies (Ossuary)
  A human zombie (Ossuary)
  3 scorpion zombies (Ossuary)
  An iguana (D:3)
  A mummy (Ossuary)
  4 adders
  2 worms (D:2)
  4 dart slugs
  2 orcs
  5 ball pythons
  4 endoplasms
  3 giant cockroaches
  2 gnoll zombies (Ossuary)
  11 goblins
  2 hobgoblins (D:1)
  2 jackals (D:2)
  3 quokkas
  6 bats
  3 frilled lizards
  3 goblin zombies (Ossuary)
  3 hobgoblin zombies (Ossuary)
  7 kobolds
  2 orc zombies (Ossuary)
  7 rats
88 creatures vanquished.

Notes
Turn   | Place    | Note
-------+----------+-------------------------------------------
     0 | D:1      | qw the Gargoyle Hunter began the quest for the Orb.
     0 | D:1      | Reached XP level 1. HP: 12/12 MP: 1/1
     0 | D:1      | 0 ||| qw: Version: 0.3-a-83-gcd0e7d8
     0 | D:1      | 0 ||| qw: Game counter: 1786
     0 | D:1      | 0 ||| qw: Melee chars always use a shield: true
     0 | D:1      | 0 ||| qw: God list: Okawaru
     0 | D:1      | 0 ||| qw: Allow faded altars: false
     0 | D:1      | 0 ||| qw: Do Orc after clearing Dungeon:15 true
     0 | D:1      | 0 ||| qw: Do second Lair branch before Depths: true
     0 | D:1      | 0 ||| qw: Lair rune preference: random
     0 | D:1      | 0 ||| qw: Goals: Normal
     0 | D:1      | 0 ||| PLANNING D:1-11
    53 | D:1      | Reached XP level 2. HP: 17/17 MP: 2/2
    78 | D:1      | Found Assicas's General Store.
    87 | D:1      | 87 ||| SHOPLISTING +0 ring mail (52 gold, have 19).
   243 | D:1      | Reached XP level 3. HP: 21/21 MP: 3/3
   349 | D:1      | 349 ||| UPGRADING to +0 ring mail.
   359 | D:1      | 359 ||| DROPPING +0 leather armour.
   360 | D:1      | 360 ||| READING scroll labelled HUFEORPH YFEXT.
   361 | D:1      | 361 ||| READING 2 scrolls labelled UMMEQA FEIRIRCH.
   362 | D:1      | 362 ||| DROPPING scroll of butterflies.
   435 | D:2      | Reached skill level 1 in Armour
   465 | D:2      | Reached skill level 5 in Ranged Weapons
   580 | D:2      | Reached XP level 4. HP: 27/27 MP: 4/4
   599 | D:2      | Reached skill level 3 in Fighting
   728 | D:2      | You fall into a shaft and drop 1 floor!
   732 | D:3      | Found a glowing silver altar of Zin.
   773 | D:3      | Found a hide-covered altar of Uskayaw.
   813 | D:3      | Found a white marble altar of Elyvilon.
   957 | D:3      | 957 ||| READING 2 scrolls labelled FAILAC NUISUSTRE.
   960 | D:3      | 960 ||| FLEEEEING.
   961 | D:3      | 961 ||| FLEEEEING.
   962 | D:3      | 962 ||| FLEEEEING.
   963 | D:3      | 963 ||| FLEEEEING.
   964 | D:3      | 964 ||| FLEEEEING.
   965 | D:3      | 965 ||| FLEEEEING.
   966 | D:3      | 966 ||| FLEEEEING.
   967 | D:3      | 967 ||| FLEEEEING.
   968 | D:3      | 968 ||| FLEEEEING.
   969 | D:3      | 969 ||| FLEEEEING.
   970 | D:3      | 970 ||| FLEEEEING.
   971 | D:3      | 971 ||| FLEEEEING.
   972 | D:3      | 972 ||| FLEEEEING.
   973 | D:3      | 973 ||| FLEEEEING.
   974 | D:3      | 974 ||| FLEEEEING.
   975 | D:3      | 975 ||| FLEEEEING.
   976 | D:3      | 976 ||| FLEEEEING.
   977 | D:3      | 977 ||| FLEEEEING.
   978 | D:3      | 978 ||| FLEEEEING.
   979 | D:3      | 979 ||| FLEEEEING.
   980 | D:3      | 980 ||| FLEEEEING.
   981 | D:3      | 981 ||| FLEEEEING.
   982 | D:3      | 982 ||| FLEEEEING.
   983 | D:3      | 983 ||| FLEEEEING.
   984 | D:3      | 984 ||| FLEEEEING.
   985 | D:3      | 985 ||| FLEEEEING.
   986 | D:3      | 986 ||| FLEEEEING.
   987 | D:3      | 987 ||| FLEEEEING.
   990 | D:3      | 990 ||| FLEEEEING.
   991 | D:3      | 991 ||| FLEEEEING.
   992 | D:3      | 992 ||| FLEEEEING.
   993 | D:3      | 993 ||| FLEEEEING.
   995 | D:3      | 995 ||| FLEEEEING.
   996 | D:3      | 996 ||| FLEEEEING.
   997 | D:3      | 997 ||| FLEEEEING.
   998 | D:3      | 998 ||| FLEEEEING.
   999 | D:3      | 999 ||| FLEEEEING.
  1000 | D:3      | 1000 ||| FLEEEEING.
  1001 | D:3      | 1001 ||| FLEEEEING.
  1002 | D:3      | 1002 ||| FLEEEEING.
  1003 | D:3      | 1003 ||| FLEEEEING.
  1004 | D:3      | 1004 ||| FLEEEEING.
  1005 | D:3      | 1005 ||| FLEEEEING.
  1007 | D:3      | 1007 ||| FLEEEEING.
  1008 | D:3      | 1008 ||| FLEEEEING.
  1009 | D:3      | 1009 ||| FLEEEEING.
  1010 | D:3      | 1010 ||| FLEEEEING.
  1011 | D:3      | 1011 ||| FLEEEEING.
  1012 | D:3      | 1012 ||| FLEEEEING.
  1013 | D:3      | 1013 ||| FLEEEEING.
  1015 | D:3      | 1015 ||| STAIRDANCE
  1444 | D:2      | 1444 ||| READING scroll labelled ROFYUC MAANK.
  1516 | D:3      | Reached XP level 5. HP: 13/32 MP: 5/5
  1675 | D:3      | Found a faded altar of an unknown god.
  2361 | D:4      | 2361 ||| PLANNING OSSUARY
  2581 | D:4      | Found a sand-covered staircase.
  2587 | Ossuary  | Entered an ossuary
  2606 | Ossuary  | Reached skill level 6 in Ranged Weapons
  2689 | Ossuary  | Reached XP level 6. HP: 37/38 MP: 6/6
  2835 | Ossuary  | Reached skill level 7 in Ranged Weapons
  2835 | Ossuary  | Reached XP level 7. HP: 27/44 MP: 7/7
  2990 | Ossuary  | 2990 ||| READING scroll labelled MIUB KEAKLITT.
  2993 | Ossuary  | 2993 ||| Stepping ~*~*~tactically~*~*~ (retreating).
  2994 | Ossuary  | 2994 ||| Stepping ~*~*~tactically~*~*~ (retreating).
  3029 | Ossuary  | HP: 10/44 [human zombie (5)]
  3030 | Ossuary  | 3030 ||| READING scroll of teleportation.
  3036 | Ossuary  | Slain by a mummy

Levels and vault maps discovered:
D:1:      mrwooster_arrival_statue_3, layout_rooms, serial_shops,
          nicolae_shop_peninsula
D:2:      layout_basic
D:3:      layout_basic, lemuel_crystal_altar, nicolae_uskayaw_suspiria,
          mainiacjoe_overflow_brackets, ebering_ecumenical_altar_abandoned,
          kennysheep_nondescript
D:4:      layout_loops_ring, marbit_many_paths, mainiacjoe_overflow_catwalk,
          mainiacjoe_overflow_concentric_impassable, enter_ossuary_5,
          serial_rivers, chequers_serial_rivers_micro_c,
          chequers_serial_rivers_micro_e, chequers_serial_rivers_micro_a,
          chequers_serial_rivers_small_b, palyth_stone_intersect,
          grunt_ministairs_12
Ossuary:  ossuary_minmay_scorpions

Skill      XL: |  1  2  3  4  5  6 |
---------------+-------------------+-----
Armour         | 1 |  1.1
Ranged Weapons | 5 6 7 |  7.8
Fighting       | 3 4 |  4.5
Dodging        | |  1.5
Stealth        | |  1.1

Action                     |  1- 3 |  4- 6 |  7- 9 || total
---------------------------+-------+-------+-------++-------
   Fire: Shortbow          |    75 |   222 |    64 ||   361
    Use: Scroll            |     2 |     2 |     2 ||     6
 Armour: Leather armour    |     2 |       |       ||     2
         Ring mail         |    13 |   114 |    67 ||   194
  Dodge: Dodged            |    13 |    93 |    45 ||   151

Table legend:
 A = Non-vault XP
 B = Vault XP
 C = Vault XP percentage of total XP
 D = Non-vault monster count
 E = Vault monster count
 F = Vault count percentage of total count
                 A         B        C        D         E       F
            +---------+---------+-------+---------+---------+-------
      Total |     202 |     677 |  77.0 |      66 |      22 |  25.0
            +---------+---------+-------+---------+---------+-------
        D:1 |      36 |       0 |   0.0 |      22 |       0 |   0.0
        D:2 |      76 |       0 |   0.0 |      26 |       0 |   0.0
        D:3 |      68 |       0 |   0.0 |      14 |       0 |   0.0
        D:4 |      22 |       0 |   0.0 |       4 |       0 |   0.0
    Ossuary |       0 |     677 | 100.0 |       0 |      22 | 100.0
            +---------+---------+-------+---------+---------+-------
